Connexion

OTTAWA Senators vs NEW YORK Rangers (R4)

Created - 1 septembre 2023 at 05:48

Goals
1 2 3 T
OTTAWA Senators 0 3 2 5
NEW YORK Rangers 2 0 1 3
Shots
1 2 3 T
OTTAWA Senators 12 14 10 36
NEW YORK Rangers 9 9 12 30

GoalsPenalties
1st period
1. NEW YORK Rangers , Travis Konecny 6 (Taylor Hall 8, Ryan Strome 7) at 5:02
2. NEW YORK Rangers , John Moore 3 (Logan Couture 5, Travis Konecny 9) at 18:03 (PP)
Logan Stanley (NYR) for Holding (Minor) at 5:22
Zach Hyman (NYR) for Holding (Minor) at 12:43
Josh Norris (OTT) for High sticking (Minor) at 16:33
Jakob Chychrun (NYR) for Tripping (Minor) at 18:51
2nd period
3. OTTAWA Senators , Travis Sanheim 2 (Alex Tuch 5, Steven Stamkos 8) at 13:51 (PP)
4. OTTAWA Senators , Josh Norris 3 (Martin Necas 6, Adrian Kempe 3) at 14:08
5. OTTAWA Senators , Steven Stamkos 7 (Travis Sanheim 6, Zach Werenski 7) at 16:01 (PP)
John Moore (NYR) for Slashing (Minor) at 4:46
John Tavares (OTT) for Hooking (Minor) at 4:46
Robert Thomas (OTT) for Hooking (Minor) at 8:07
Vasili Podkolzin (NYR) for Slashing (Minor) at 13:35
Jakob Chychrun (NYR) for Hooking (Minor) at 14:20
3rd period
6. NEW YORK Rangers , Taylor Hall 5 (Torey Krug 10, Travis Konecny 10) at 4:54
7. OTTAWA Senators , Steven Stamkos 8 (Alex Tuch 6, Travis Sanheim 7) at 16:06
8. OTTAWA Senators , Cale Makar 5 (John Tavares 5, Charlie McAvoy 9) at 19:21
Travis Sanheim (OTT) for Hooking (Minor) at 5:43
John Moore (NYR) for Hooking (Minor) at 9:36
Wyatt Kaiser (OTT) for High sticking (Minor) at 12:06
Cale Makar (OTT) for Holding (Minor) at 19:52
Goalie Stats
Connor Hellebuyck (OTT), 27 saves from 30 shots - (0,900), W, 5-5-1, 60:00 minutes
Semyon Varlamov (NYR), 31 saves from 36 shots - (0,861), L, 3-2-0, 60:00 minutes
3 StarsOfficial
1 - Steven Stamkos (OTT)
2 - Travis Konecny (NYR)
3 - Travis Sanheim (OTT)
Referees : Kerry Fraser and Frederick L'Ecuyer
Linesman : Darren Gibbs and Jonny Murray
Game Note
No Game Note
Finance
Level 1 -- Attendance: 5963 (99,38%) -- Ticket Income 745 375 $
Level 2 -- Attendance: 5103 (98,13%) -- Ticket Income 408 240 $
Level 3 -- Attendance: 2000 (100,00%) -- Ticket Income 100 000 $
Level 4 -- Attendance: 3793 (94,83%) -- Ticket Income 132 755 $
Luxury Box -- Attendance: 971 (97,10%) -- Ticket Income 233 040 $
Game was played at the Madison Square Garden.
Total Attendance: 17830 (97,97%)
Total Ticket Income: 1 619 410 $
Other Income: 323 882 $
Total Income: 1 943 292 $



Team Name Goals Shots Shots Attemp Shots Blocked PIM HIT PP PK FO%
OTTAWA Senators 536771212252 / 6 (33%)152%
NEW YORK Rangers 330631114251 / 5 (20%)248%

OTTAWA Senators
Player Name POS G A P +/- PIM HIT SHT SB MP PP MP PP SHT PK MP PK SHT FO% FOT
Adrian KempeC/LW/RW0110035017:404:5910:0000% 3
Alex TuchC/RW0222005024:104:5415:3400% 3
Barrett HaytonC/LW000-101009:210:0000:0000% 0
Cale MakarD1011202326:255:0914:1000% 0
Charlie McAvoyD0111043126:265:0924:1000% 0
Evan BouchardD000-1002011:470:0000:0000% 0
Filip ChytilC000-1000010:210:0000:00055% 11
John TavaresC0112226122:314:5415:34156% 41
Josh NorrisC1010202013:260:0000:00058% 19
Mark KastelicC000003006:280:0000:00071% 7
Martin NecasC/RW0110020019:534:5902:00022% 9
Owen TippettLW/RW000000116:280:0000:0000% 0
Peyton KrebsC/LW000000006:360:0000:0000% 0
Robert ThomasC/RW000-1202014:194:5910:0000% 0
Steven StamkosC/LW/RW2132045119:114:5432:000100% 2
Travis SanheimD1231232220:474:4422:2500% 0
Wyatt KaiserD000-1220112:450:0000:5900% 0
Zach WerenskiD0111011221:474:4413:2400% 0
NEW YORK Rangers
Player Name POS G A P +/- PIM HIT SHT SB MP PP MP PP SHT PK MP PK SHT FO% FOT
Cody GoloubefD0001000016:340:0004:1100% 0
Jakob ChychrunD0000442224:044:2422:5900% 0
Jesse PuljujarviRW000-1012012:080:0000:000100% 1
John MooreD101-2412219:483:4622:4300% 0
Jon MerrillD000-2001421:233:1004:2300% 0
Kieffer BellowsLW000-1012012:130:0000:0000% 0
Logan CoutureC/LW011-1003018:133:1212:34060% 5
Logan StanleyD0001220011:280:0000:0000% 0
Nolan PatrickC0000030116:414:2200:00048% 25
Ryan StromeC/RW0111021016:493:1210:41045% 20
Taylor HallC/LW1122011019:464:2202:3600% 1
Torey KrugD0110012226:383:4825:3000% 0
Travis KonecnyC/LW/RW1231054022:433:1236:35064% 11
Trevor MooreC/LW/RW000-100204:280:0000:0000% 0
Ty DellandreaC000-1022013:590:0001:45025% 12
Tyler EnnisC/LW000-100005:050:0000:00057% 7
Vasili PodkolzinRW000-120003:460:0000:0000% 0
Zach HymanC/LW/RW0000226022:154:2215:35054% 13



Play-by-Play

1st period


0:01 of 1st period - Ryan Strome wins face-off versus John Tavares in neutral zone.
0:13 of 1st period - Torey Krug is hit by Steven Stamkos and loses puck.
0:29 of 1st period - Alex Tuch is hit by Torey Krug and loses puck.
0:32 of 1st period - Shot by Alex Tuch.
0:32 of 1st period - Stopped by Semyon Varlamov without a rebound.
0:33 of 1st period - Nolan Patrick wins face-off versus Josh Norris in NEW YORK Rangers zone.
0:33 of 1st period - Nolan Patrick is hit by Martin Necas.
0:57 of 1st period - Zach Hyman is hit by Adrian Kempe and loses puck.
1:12 of 1st period - Shot by Josh Norris.
1:12 of 1st period - Deflect By Martin Necas.
1:12 of 1st period - Shot Blocked by John Moore.
1:14 of 1st period - Shot by Adrian Kempe.
1:14 of 1st period - Shot Blocked by Jon Merrill.
1:16 of 1st period - Shot by Adrian Kempe.
1:16 of 1st period - Shot Misses the Net.
1:25 of 1st period - Icing by Jon Merrill.
1:26 of 1st period - Nolan Patrick wins face-off versus Filip Chytil in NEW YORK Rangers zone.
1:43 of 1st period - Shot by Filip Chytil.
1:43 of 1st period - Shot Misses the Net.
1:45 of 1st period - Shot by Evan Bouchard.
1:45 of 1st period - Stopped by Semyon Varlamov with a rebound.
1:47 of 1st period - Shot by Wyatt Kaiser.
1:47 of 1st period - Shot Misses the Net.
1:49 of 1st period - Shot by Barrett Hayton.
1:49 of 1st period - Shot Misses the Net.
2:01 of 1st period - Shot by Robert Thomas.
2:01 of 1st period - Shot Blocked by John Moore.
3:22 of 1st period - Shot by Taylor Hall.
3:22 of 1st period - Shot Hit the Post.
3:25 of 1st period - Icing by Zach Werenski.
3:26 of 1st period - Mark Kastelic wins face-off versus Ty Dellandrea in OTTAWA Senators zone.
3:55 of 1st period - Shot by Ty Dellandrea.
3:55 of 1st period - Shot Misses the Net.
3:57 of 1st period - Shot by Ty Dellandrea.
3:57 of 1st period - Stopped by Connor Hellebuyck without a rebound.
3:58 of 1st period - Ryan Strome wins face-off versus Josh Norris in OTTAWA Senators zone.
4:05 of 1st period - Shot by Ryan Strome.
4:05 of 1st period - Shot Misses the Net.
4:08 of 1st period - Icing by Josh Norris.
4:09 of 1st period - Josh Norris wins face-off versus Tyler Ennis in OTTAWA Senators zone.
4:25 of 1st period - Trevor Moore is hit by Wyatt Kaiser and loses puck.
5:02 of 1st period - Shot by Taylor Hall.
5:02 of 1st period - Deflect By Travis Konecny.
5:02 of 1st period - Goal by Travis Konecny - OTTAWA Senators : 0 - NEW YORK Rangers : 1.
5:03 of 1st period - Ryan Strome wins face-off versus John Tavares in neutral zone.
5:06 of 1st period - Cale Makar is hit by Taylor Hall and loses puck.
5:22 of 1st period - Minor Penalty to Logan Stanley for Holding.
5:23 of 1st period - Zach Hyman wins face-off versus John Tavares in NEW YORK Rangers zone.
5:23 of 1st period - Zach Hyman is hit by Steven Stamkos.
6:40 of 1st period - Shot by Robert Thomas.
6:40 of 1st period - Shot Blocked by Jon Merrill.
6:42 of 1st period - Shot by Charlie McAvoy.
6:42 of 1st period - Shot Misses the Net.
7:12 of 1st period - Shot by Travis Sanheim.
7:12 of 1st period - Stopped by Semyon Varlamov with a rebound.
7:16 of 1st period - Shot by Travis Sanheim.
7:16 of 1st period - Shot Misses the Net.
7:18 of 1st period - Shot by Steven Stamkos.
7:18 of 1st period - Stopped by Semyon Varlamov without a rebound.
7:19 of 1st period - John Tavares wins face-off versus Ryan Strome in NEW YORK Rangers zone.
7:46 of 1st period - Shot by Evan Bouchard.
7:46 of 1st period - Stopped by Semyon Varlamov without a rebound.
7:47 of 1st period - Filip Chytil wins face-off versus Ryan Strome in NEW YORK Rangers zone.
8:24 of 1st period - Shot by Filip Chytil.
8:24 of 1st period - Shot Misses the Net.
9:34 of 1st period - Logan Couture is hit by Steven Stamkos and loses puck.
10:03 of 1st period - Shot by Logan Couture.
10:03 of 1st period - Shot Blocked by Steven Stamkos.
10:48 of 1st period - Shot by Trevor Moore.
10:48 of 1st period - Stopped by Connor Hellebuyck without a rebound.
10:49 of 1st period - Filip Chytil wins face-off versus Ryan Strome in OTTAWA Senators zone.
11:26 of 1st period - Icing by Logan Stanley.
11:27 of 1st period - Josh Norris wins face-off versus Ryan Strome in NEW YORK Rangers zone.
11:55 of 1st period - Shot by Adrian Kempe.
11:55 of 1st period - Stopped by Semyon Varlamov without a rebound.
11:56 of 1st period - Jesse Puljujarvi wins face-off versus Mark Kastelic in NEW YORK Rangers zone.
11:56 of 1st period - Jesse Puljujarvi is hit by Mark Kastelic.
12:12 of 1st period - Shot by Peyton Krebs.
12:12 of 1st period - Deflect By Owen Tippett.
12:12 of 1st period - Stopped by Semyon Varlamov without a rebound.
12:13 of 1st period - Filip Chytil wins face-off versus Zach Hyman in NEW YORK Rangers zone.
12:43 of 1st period - Minor Penalty to Zach Hyman for Holding.
12:44 of 1st period - Ty Dellandrea wins face-off versus John Tavares in NEW YORK Rangers zone.
12:44 of 1st period - Ty Dellandrea is hit by John Tavares.
13:12 of 1st period - Shot by Steven Stamkos.
13:12 of 1st period - Stopped by Semyon Varlamov without a rebound.
13:13 of 1st period - Ty Dellandrea wins face-off versus Martin Necas in NEW YORK Rangers zone.
13:13 of 1st period - Ty Dellandrea is hit by Martin Necas.
13:35 of 1st period - Shot by Robert Thomas.
13:35 of 1st period - Stopped by Semyon Varlamov with a rebound.
13:51 of 1st period - Shot by Adrian Kempe.
13:51 of 1st period - Deflect By Martin Necas.
13:51 of 1st period - Shot Misses the Net.
13:53 of 1st period - Shot by Travis Sanheim.
13:53 of 1st period - Shot Misses the Net.
13:55 of 1st period - Shot by Adrian Kempe.
13:55 of 1st period - Stopped by Semyon Varlamov without a rebound.
13:56 of 1st period - Steven Stamkos wins face-off versus Logan Couture in NEW YORK Rangers zone.
14:02 of 1st period - John Tavares is hit by Jakob Chychrun and loses puck.
14:05 of 1st period - Shot by Charlie McAvoy.
14:05 of 1st period - Shot Hit the Post.
14:07 of 1st period - Shot by Charlie McAvoy.
14:07 of 1st period - Shot Misses the Net.
14:21 of 1st period - Shot by Steven Stamkos.
14:21 of 1st period - Shot Misses the Net.
14:45 of 1st period - Icing by Owen Tippett.
14:46 of 1st period - Mark Kastelic wins face-off versus Ty Dellandrea in OTTAWA Senators zone.
14:46 of 1st period - Mark Kastelic is hit by Ty Dellandrea.
15:01 of 1st period - Shot by Cody Goloubef.
15:01 of 1st period - Shot Misses the Net.
15:30 of 1st period - Wyatt Kaiser is hit by Ty Dellandrea and loses puck.
15:55 of 1st period - Shot by Zach Hyman.
15:55 of 1st period - Stopped by Connor Hellebuyck without a rebound.
15:56 of 1st period - John Tavares wins face-off versus Ryan Strome in OTTAWA Senators zone.
16:13 of 1st period - Shot by Alex Tuch.
16:13 of 1st period - Shot Blocked by Jakob Chychrun.
16:15 of 1st period - Shot by Alex Tuch.
16:15 of 1st period - Stopped by Semyon Varlamov without a rebound.
16:16 of 1st period - Josh Norris wins face-off versus Nolan Patrick in NEW YORK Rangers zone.
16:16 of 1st period - Josh Norris is hit by John Moore.
16:33 of 1st period - Minor Penalty to Josh Norris for High sticking.
16:34 of 1st period - Travis Konecny wins face-off versus Alex Tuch in OTTAWA Senators zone.
16:35 of 1st period - Shot by Torey Krug.
16:35 of 1st period - Stopped by Connor Hellebuyck with a rebound.
16:37 of 1st period - Shot by Jakob Chychrun.
16:37 of 1st period - Shot Misses the Net.
16:39 of 1st period - Shot by Travis Konecny.
16:39 of 1st period - Stopped by Connor Hellebuyck without a rebound.
16:40 of 1st period - John Tavares wins face-off versus Nolan Patrick in OTTAWA Senators zone.
16:49 of 1st period - Charlie McAvoy is hit by Nolan Patrick.
17:36 of 1st period - Off-side.
17:37 of 1st period - John Tavares wins face-off versus Ryan Strome in neutral zone.
17:57 of 1st period - Shot by John Moore.
17:57 of 1st period - Shot Misses the Net.
18:01 of 1st period - Shot by Logan Couture.
18:01 of 1st period - Stopped by Connor Hellebuyck with a rebound.
18:03 of 1st period - Shot by John Moore.
18:03 of 1st period - Goal by John Moore - OTTAWA Senators : 0 - NEW YORK Rangers : 2.
18:04 of 1st period - Filip Chytil wins face-off versus Ty Dellandrea in neutral zone.
18:23 of 1st period - Shot by Kieffer Bellows.
18:23 of 1st period - Shot Misses the Net.
18:29 of 1st period - Shot by Kieffer Bellows.
18:29 of 1st period - Stopped by Connor Hellebuyck without a rebound.
18:30 of 1st period - John Tavares wins face-off versus Ryan Strome in OTTAWA Senators zone.
18:34 of 1st period - Alex Tuch is hit by Travis Konecny and loses puck.
18:40 of 1st period - John Tavares is hit by Jakob Chychrun.
18:45 of 1st period - John Tavares is hit by Jakob Chychrun and loses puck.
18:48 of 1st period - Shot by Alex Tuch.
18:48 of 1st period - Deflect By John Tavares.
18:48 of 1st period - Stopped by Semyon Varlamov with a rebound.
18:51 of 1st period - Minor Penalty to Jakob Chychrun for Tripping.
18:52 of 1st period - Zach Hyman wins face-off versus Martin Necas in NEW YORK Rangers zone.
19:07 of 1st period - Shot by Zach Werenski.
19:07 of 1st period - Shot Blocked by Torey Krug.
19:21 of 1st period - John Moore is hit by Adrian Kempe and loses puck.
Goals for this period are 0 for OTTAWA Senators vs 2 for NEW YORK Rangers.
Shots for this period are 12 for OTTAWA Senators vs 9 for NEW YORK Rangers.

2nd period


0:01 of 2nd period - Travis Konecny wins face-off versus John Tavares in neutral zone.
0:07 of 2nd period - Icing by Cale Makar.
0:08 of 2nd period - John Tavares wins face-off versus Zach Hyman in OTTAWA Senators zone.
0:08 of 2nd period - Cale Makar is hit by Travis Konecny and loses puck.
0:31 of 2nd period - Shot by Charlie McAvoy.
0:31 of 2nd period - Shot Misses the Net.
0:33 of 2nd period - Shot by Alex Tuch.
0:33 of 2nd period - Stopped by Semyon Varlamov without a rebound.
0:34 of 2nd period - Logan Couture wins face-off versus Martin Necas in NEW YORK Rangers zone.
0:38 of 2nd period - Off-side.
0:39 of 2nd period - Zach Hyman wins face-off versus Adrian Kempe in neutral zone.
0:58 of 2nd period - Shot by Steven Stamkos.
0:58 of 2nd period - Shot Blocked by Jakob Chychrun.
1:04 of 2nd period - Shot by John Tavares.
1:04 of 2nd period - Shot Blocked by Torey Krug.
1:06 of 2nd period - Shot by John Tavares.
1:06 of 2nd period - Stopped by Semyon Varlamov without a rebound.
1:07 of 2nd period - Ryan Strome wins face-off versus Josh Norris in NEW YORK Rangers zone.
1:32 of 2nd period - Shot by Travis Konecny.
1:32 of 2nd period - Shot Blocked by Cale Makar.
2:07 of 2nd period - Icing by Zach Werenski.
2:08 of 2nd period - Nolan Patrick wins face-off versus Alex Tuch in OTTAWA Senators zone.
2:17 of 2nd period - Shot by Nolan Patrick.
2:17 of 2nd period - Shot Misses the Net.
2:41 of 2nd period - Shot by Alex Tuch.
2:41 of 2nd period - Stopped by Semyon Varlamov with a rebound.
2:43 of 2nd period - Shot by John Tavares.
2:43 of 2nd period - Stopped by Semyon Varlamov without a rebound.
2:44 of 2nd period - Filip Chytil wins face-off versus Ty Dellandrea in NEW YORK Rangers zone.
4:34 of 2nd period - Icing by Ryan Strome.
4:35 of 2nd period - John Tavares wins face-off versus Ryan Strome in NEW YORK Rangers zone.
4:42 of 2nd period - Shot by Steven Stamkos.
4:42 of 2nd period - Shot Misses the Net.
4:44 of 2nd period - Shot by Steven Stamkos.
4:44 of 2nd period - Stopped by Semyon Varlamov without a rebound.
4:45 of 2nd period - Zach Hyman wins face-off versus John Tavares in NEW YORK Rangers zone.
4:45 of 2nd period - Zach Hyman is hit by John Tavares.
4:46 of 2nd period - Minor Penalty to John Moore for Slashing.
4:46 of 2nd period - Minor Penalty to John Tavares for Hooking.
4:47 of 2nd period - Josh Norris wins face-off versus Tyler Ennis in NEW YORK Rangers zone.
5:40 of 2nd period - Shot by Trevor Moore.
5:40 of 2nd period - Stopped by Connor Hellebuyck without a rebound.
5:41 of 2nd period - Tyler Ennis wins face-off versus Filip Chytil in OTTAWA Senators zone.
5:46 of 2nd period - Shot by Jon Merrill.
5:46 of 2nd period - Stopped by Connor Hellebuyck without a rebound.
5:47 of 2nd period - Tyler Ennis wins face-off versus Filip Chytil in OTTAWA Senators zone.
6:02 of 2nd period - Shot by Ty Dellandrea.
6:02 of 2nd period - Stopped by Connor Hellebuyck with a rebound.
6:53 of 2nd period - Icing by Evan Bouchard.
6:54 of 2nd period - Mark Kastelic wins face-off versus Nolan Patrick in OTTAWA Senators zone.
7:22 of 2nd period - Shot by Zach Hyman.
7:22 of 2nd period - Stopped by Connor Hellebuyck without a rebound.
7:23 of 2nd period - Ryan Strome wins face-off versus Josh Norris in OTTAWA Senators zone.
7:54 of 2nd period - Shot by Martin Necas.
7:54 of 2nd period - Shot Misses the Net.
7:58 of 2nd period - Shot by Adrian Kempe.
7:58 of 2nd period - Stopped by Semyon Varlamov without a rebound.
7:59 of 2nd period - Filip Chytil wins face-off versus Nolan Patrick in NEW YORK Rangers zone.
8:07 of 2nd period - Minor Penalty to Robert Thomas for Hooking.
8:08 of 2nd period - John Tavares wins face-off versus Nolan Patrick in OTTAWA Senators zone.
9:00 of 2nd period - Cale Makar is hit by Ryan Strome and loses puck.
9:24 of 2nd period - Icing by Jon Merrill.
9:25 of 2nd period - Travis Konecny wins face-off versus Martin Necas in NEW YORK Rangers zone.
9:36 of 2nd period - Shot by Travis Konecny.
9:36 of 2nd period - Stopped by Connor Hellebuyck without a rebound.
9:37 of 2nd period - Nolan Patrick wins face-off versus John Tavares in OTTAWA Senators zone.
9:44 of 2nd period - Shot by Jakob Chychrun.
9:44 of 2nd period - Stopped by Connor Hellebuyck without a rebound.
9:45 of 2nd period - Travis Konecny wins face-off versus John Tavares in OTTAWA Senators zone.
9:56 of 2nd period - Shot by Jakob Chychrun.
9:56 of 2nd period - Stopped by Connor Hellebuyck without a rebound.
9:57 of 2nd period - John Tavares wins face-off versus Nolan Patrick in OTTAWA Senators zone.
10:47 of 2nd period - Kieffer Bellows is hit by Charlie McAvoy and loses puck.
11:58 of 2nd period - Shot by Steven Stamkos.
11:58 of 2nd period - Deflect By John Tavares.
11:58 of 2nd period - Shot Misses the Net.
12:10 of 2nd period - Shot by John Tavares.
12:10 of 2nd period - Shot Blocked by Nolan Patrick.
12:12 of 2nd period - Shot by Alex Tuch.
12:12 of 2nd period - Stopped by Semyon Varlamov without a rebound.
12:13 of 2nd period - Ryan Strome wins face-off versus Mark Kastelic in NEW YORK Rangers zone.
12:42 of 2nd period - Ryan Strome is hit by Mark Kastelic.
13:07 of 2nd period - Shot by Kieffer Bellows.
13:07 of 2nd period - Deflect By Jesse Puljujarvi.
13:07 of 2nd period - Stopped by Connor Hellebuyck without a rebound.
13:08 of 2nd period - John Tavares wins face-off versus Ty Dellandrea in OTTAWA Senators zone.
13:08 of 2nd period - John Tavares is hit by Kieffer Bellows.
13:20 of 2nd period - Off-side.
13:21 of 2nd period - Tyler Ennis wins face-off versus Adrian Kempe in neutral zone.
13:35 of 2nd period - Minor Penalty to Vasili Podkolzin for Slashing.
13:36 of 2nd period - Zach Hyman wins face-off versus John Tavares in NEW YORK Rangers zone.
13:49 of 2nd period - Shot by Alex Tuch.
13:49 of 2nd period - Shot Misses the Net.
13:51 of 2nd period - Shot by Travis Sanheim.
13:51 of 2nd period - Goal by Travis Sanheim - OTTAWA Senators : 1 - NEW YORK Rangers : 2.
13:52 of 2nd period - Martin Necas wins face-off versus Ty Dellandrea in neutral zone.
14:02 of 2nd period - Shot by Martin Necas.
14:02 of 2nd period - Shot Misses the Net.
14:04 of 2nd period - Shot by Josh Norris.
14:04 of 2nd period - Shot Misses the Net.
14:06 of 2nd period - Shot by Josh Norris.
14:06 of 2nd period - Stopped by Semyon Varlamov with a rebound.
14:08 of 2nd period - Shot by Josh Norris.
14:08 of 2nd period - Goal by Josh Norris - OTTAWA Senators : 2 - NEW YORK Rangers : 2.
14:09 of 2nd period - John Tavares wins face-off versus Ryan Strome in neutral zone.
14:13 of 2nd period - Cale Makar is hit by Travis Konecny and loses puck.
14:18 of 2nd period - Travis Konecny is hit by Steven Stamkos.
14:19 of 2nd period - Icing by Travis Konecny.
14:20 of 2nd period - Josh Norris wins face-off versus Taylor Hall in NEW YORK Rangers zone.
14:20 of 2nd period - Minor Penalty to Jakob Chychrun for Hooking.
14:21 of 2nd period - John Tavares wins face-off versus Zach Hyman in NEW YORK Rangers zone.
14:22 of 2nd period - Shot by Charlie McAvoy.
14:22 of 2nd period - Stopped by Semyon Varlamov without a rebound.
14:23 of 2nd period - John Tavares wins face-off versus Zach Hyman in NEW YORK Rangers zone.
14:30 of 2nd period - Shot by Charlie McAvoy.
14:30 of 2nd period - Stopped by Semyon Varlamov with a rebound.
14:32 of 2nd period - Shot by Cale Makar.
14:32 of 2nd period - Shot Misses the Net.
14:34 of 2nd period - Shot by Cale Makar.
14:34 of 2nd period - Stopped by Semyon Varlamov without a rebound.
14:35 of 2nd period - Zach Hyman wins face-off versus Martin Necas in NEW YORK Rangers zone.
15:03 of 2nd period - Icing by Charlie McAvoy.
15:04 of 2nd period - Logan Couture wins face-off versus Martin Necas in OTTAWA Senators zone.
16:01 of 2nd period - Shot by Steven Stamkos.
16:01 of 2nd period - Goal by Steven Stamkos - OTTAWA Senators : 3 - NEW YORK Rangers : 2.
16:02 of 2nd period - Mark Kastelic wins face-off versus Ty Dellandrea in neutral zone.
16:27 of 2nd period - Shot by Jesse Puljujarvi.
16:27 of 2nd period - Stopped by Connor Hellebuyck without a rebound.
16:28 of 2nd period - John Tavares wins face-off versus Nolan Patrick in OTTAWA Senators zone.
16:42 of 2nd period - Icing by Torey Krug.
16:43 of 2nd period - Nolan Patrick wins face-off versus Josh Norris in NEW YORK Rangers zone.
16:43 of 2nd period - Torey Krug is hit by Adrian Kempe and loses puck.
17:23 of 2nd period - Icing by Cale Makar.
17:24 of 2nd period - Ryan Strome wins face-off versus Josh Norris in OTTAWA Senators zone.
18:15 of 2nd period - Travis Sanheim is hit by Travis Konecny and loses puck.
18:49 of 2nd period - Robert Thomas is hit by Logan Stanley and loses puck.
19:30 of 2nd period - Shot by Owen Tippett.
19:30 of 2nd period - Shot Misses the Net.
Goals for this period are 3 for OTTAWA Senators vs 0 for NEW YORK Rangers.
Shots for this period are 14 for OTTAWA Senators vs 9 for NEW YORK Rangers.

3rd period


0:01 of 3rd period - Travis Konecny wins face-off versus John Tavares in neutral zone.
0:27 of 3rd period - Off-side.
0:28 of 3rd period - Josh Norris wins face-off versus Logan Couture in neutral zone.
0:34 of 3rd period - Icing by Zach Hyman.
0:35 of 3rd period - Josh Norris wins face-off versus Nolan Patrick in NEW YORK Rangers zone.
0:48 of 3rd period - Martin Necas is hit by Zach Hyman and loses puck.
0:55 of 3rd period - Shot by Logan Couture.
0:55 of 3rd period - Stopped by Connor Hellebuyck without a rebound.
0:56 of 3rd period - John Tavares wins face-off versus Travis Konecny in OTTAWA Senators zone.
0:56 of 3rd period - John Tavares is hit by Travis Konecny.
1:04 of 3rd period - Shot by John Tavares.
1:04 of 3rd period - Deflect By Alex Tuch.
1:04 of 3rd period - Shot Misses the Net.
1:11 of 3rd period - Off-side.
1:12 of 3rd period - Josh Norris wins face-off versus Zach Hyman in neutral zone.
1:12 of 3rd period - Travis Sanheim is hit by Nolan Patrick and loses puck.
1:42 of 3rd period - Shot by Zach Hyman.
1:42 of 3rd period - Shot Blocked by Zach Werenski.
1:44 of 3rd period - Shot by Zach Hyman.
1:44 of 3rd period - Shot Hit the Post.
1:46 of 3rd period - Shot by Logan Couture.
1:46 of 3rd period - Shot Blocked by Zach Werenski.
1:48 of 3rd period - Shot by Zach Hyman.
1:48 of 3rd period - Stopped by Connor Hellebuyck without a rebound.
1:49 of 3rd period - John Tavares wins face-off versus Ryan Strome in OTTAWA Senators zone.
1:49 of 3rd period - John Tavares is hit by Ryan Strome.
2:12 of 3rd period - Shot by Steven Stamkos.
2:12 of 3rd period - Shot Misses the Net.
2:21 of 3rd period - Jakob Chychrun is hit by Charlie McAvoy.
3:08 of 3rd period - Shot by Robert Thomas.
3:08 of 3rd period - Stopped by Semyon Varlamov without a rebound.
3:09 of 3rd period - Josh Norris wins face-off versus Nolan Patrick in NEW YORK Rangers zone.
3:18 of 3rd period - Shot by Adrian Kempe.
3:18 of 3rd period - Stopped by Semyon Varlamov without a rebound.
3:19 of 3rd period - Nolan Patrick wins face-off versus Josh Norris in NEW YORK Rangers zone.
3:48 of 3rd period - Shot by Zach Hyman.
3:48 of 3rd period - Shot Misses the Net.
3:52 of 3rd period - Shot by Logan Couture.
3:52 of 3rd period - Shot Blocked by Travis Sanheim.
3:54 of 3rd period - Shot by Zach Hyman.
3:54 of 3rd period - Shot Blocked by Travis Sanheim.
3:56 of 3rd period - Shot by Logan Couture.
3:56 of 3rd period - Shot Misses the Net.
3:58 of 3rd period - Shot by Logan Couture.
3:58 of 3rd period - Stopped by Connor Hellebuyck without a rebound.
3:59 of 3rd period - Steven Stamkos wins face-off versus Ty Dellandrea in OTTAWA Senators zone.
3:59 of 3rd period - Steven Stamkos is hit by Jesse Puljujarvi.
4:04 of 3rd period - Off-side.
4:05 of 3rd period - John Tavares wins face-off versus Ty Dellandrea in neutral zone.
4:14 of 3rd period - Shot by Steven Stamkos.
4:14 of 3rd period - Shot Misses the Net.
4:16 of 3rd period - Shot by John Tavares.
4:16 of 3rd period - Stopped by Semyon Varlamov without a rebound.
4:17 of 3rd period - Ryan Strome wins face-off versus Filip Chytil in NEW YORK Rangers zone.
4:17 of 3rd period - Ryan Strome is hit by Barrett Hayton.
4:48 of 3rd period - Shot by Taylor Hall.
4:48 of 3rd period - Shot Misses the Net.
4:50 of 3rd period - Shot by Travis Konecny.
4:50 of 3rd period - Shot Misses the Net.
4:54 of 3rd period - Shot by Taylor Hall.
4:54 of 3rd period - Goal by Taylor Hall - OTTAWA Senators : 3 - NEW YORK Rangers : 3.
4:55 of 3rd period - Nolan Patrick wins face-off versus John Tavares in neutral zone.
5:08 of 3rd period - Shot by Zach Hyman.
5:08 of 3rd period - Deflect By Nolan Patrick.
5:08 of 3rd period - Shot Misses the Net.
5:12 of 3rd period - Shot by Zach Hyman.
5:12 of 3rd period - Stopped by Connor Hellebuyck without a rebound.
5:13 of 3rd period - Ty Dellandrea wins face-off versus Josh Norris in OTTAWA Senators zone.
5:15 of 3rd period - Jesse Puljujarvi is hit by Travis Sanheim.
5:20 of 3rd period - Jesse Puljujarvi is hit by Travis Sanheim and loses puck.
5:24 of 3rd period - Ty Dellandrea is hit by Zach Werenski.
5:41 of 3rd period - Jesse Puljujarvi is hit by Travis Sanheim and loses puck.
5:43 of 3rd period - Minor Penalty to Travis Sanheim for Hooking.
5:44 of 3rd period - Travis Konecny wins face-off versus John Tavares in OTTAWA Senators zone.
5:45 of 3rd period - Shot by Jakob Chychrun.
5:45 of 3rd period - Shot Misses the Net.
6:03 of 3rd period - Shot by Travis Konecny.
6:03 of 3rd period - Stopped by Connor Hellebuyck without a rebound.
6:04 of 3rd period - Nolan Patrick wins face-off versus John Tavares in OTTAWA Senators zone.
6:05 of 3rd period - Shot by Zach Hyman.
6:05 of 3rd period - Shot Blocked by Wyatt Kaiser.
6:07 of 3rd period - Shot by John Moore.
6:07 of 3rd period - Shot Misses the Net.
6:09 of 3rd period - Shot by Taylor Hall.
6:09 of 3rd period - Shot Misses the Net.
6:13 of 3rd period - Shot by John Moore.
6:13 of 3rd period - Stopped by Connor Hellebuyck without a rebound.
6:14 of 3rd period - John Tavares wins face-off versus Travis Konecny in OTTAWA Senators zone.
6:29 of 3rd period - Shot by Torey Krug.
6:29 of 3rd period - Stopped by Connor Hellebuyck without a rebound.
6:30 of 3rd period - Nolan Patrick wins face-off versus John Tavares in OTTAWA Senators zone.
6:38 of 3rd period - Icing by John Moore.
6:39 of 3rd period - John Tavares wins face-off versus Nolan Patrick in NEW YORK Rangers zone.
6:42 of 3rd period - Shot by John Tavares.
6:42 of 3rd period - Stopped by Semyon Varlamov with a rebound.
8:01 of 3rd period - Kieffer Bellows is hit by Charlie McAvoy and loses puck.
8:52 of 3rd period - Icing by Torey Krug.
8:53 of 3rd period - Mark Kastelic wins face-off versus Tyler Ennis in NEW YORK Rangers zone.
8:54 of 3rd period - Shot by Owen Tippett.
8:54 of 3rd period - Shot Misses the Net.
9:01 of 3rd period - Trevor Moore is hit by Wyatt Kaiser.
9:07 of 3rd period - Shot by Trevor Moore.
9:07 of 3rd period - Deflect By Vasili Podkolzin.
9:07 of 3rd period - Shot Misses the Net.
9:23 of 3rd period - Shot by Jakob Chychrun.
9:23 of 3rd period - Shot Blocked by Owen Tippett.
9:36 of 3rd period - Minor Penalty to John Moore for Hooking.
9:37 of 3rd period - Zach Hyman wins face-off versus John Tavares in NEW YORK Rangers zone.
9:48 of 3rd period - Shot by Alex Tuch.
9:48 of 3rd period - Shot Blocked by Jon Merrill.
9:52 of 3rd period - Shot by Steven Stamkos.
9:52 of 3rd period - Shot Misses the Net.
9:54 of 3rd period - Shot by John Tavares.
9:54 of 3rd period - Shot Misses the Net.
10:00 of 3rd period - Shot by John Tavares.
10:00 of 3rd period - Stopped by Semyon Varlamov without a rebound.
10:01 of 3rd period - Martin Necas wins face-off versus Zach Hyman in NEW YORK Rangers zone.
11:01 of 3rd period - Shot by Steven Stamkos.
11:01 of 3rd period - Shot Misses the Net.
11:03 of 3rd period - Shot by Zach Werenski.
11:03 of 3rd period - Shot Blocked by Jon Merrill.
11:05 of 3rd period - Shot by Zach Werenski.
11:05 of 3rd period - Stopped by Semyon Varlamov without a rebound.
11:06 of 3rd period - Logan Couture wins face-off versus John Tavares in NEW YORK Rangers zone.
11:42 of 3rd period - Jesse Puljujarvi is hit by Mark Kastelic and loses puck.
12:06 of 3rd period - Minor Penalty to Wyatt Kaiser for High sticking.
12:07 of 3rd period - Nolan Patrick wins face-off versus John Tavares in OTTAWA Senators zone.
12:14 of 3rd period - Shot by Zach Hyman.
12:14 of 3rd period - Stopped by Connor Hellebuyck with a rebound.
12:16 of 3rd period - Shot by Nolan Patrick.
12:16 of 3rd period - Shot Misses the Net.
12:22 of 3rd period - Shot by John Moore.
12:22 of 3rd period - Shot Misses the Net.
12:32 of 3rd period - Shot by Taylor Hall.
12:32 of 3rd period - Deflect By Zach Hyman.
12:32 of 3rd period - Shot Blocked by Charlie McAvoy.
12:49 of 3rd period - Icing by Torey Krug.
12:50 of 3rd period - Travis Konecny wins face-off versus Martin Necas in NEW YORK Rangers zone.
13:13 of 3rd period - Shot by Jakob Chychrun.
13:13 of 3rd period - Shot Blocked by John Tavares.
13:15 of 3rd period - Shot by Ryan Strome.
13:15 of 3rd period - Stopped by Connor Hellebuyck without a rebound.
13:16 of 3rd period - John Tavares wins face-off versus Nolan Patrick in OTTAWA Senators zone.
13:16 of 3rd period - John Tavares is hit by Zach Hyman.
14:42 of 3rd period - Shot by Kieffer Bellows.
14:42 of 3rd period - Stopped by Connor Hellebuyck without a rebound.
14:43 of 3rd period - Ryan Strome wins face-off versus Adrian Kempe in OTTAWA Senators zone.
15:03 of 3rd period - Shot by Travis Konecny.
15:03 of 3rd period - Deflect By Taylor Hall.
15:03 of 3rd period - Shot Blocked by Cale Makar.
15:35 of 3rd period - Icing by John Moore.
15:36 of 3rd period - Tyler Ennis wins face-off versus John Tavares in NEW YORK Rangers zone.
15:45 of 3rd period - Shot by Trevor Moore.
15:45 of 3rd period - Shot Misses the Net.
15:53 of 3rd period - Shot by John Tavares.
15:53 of 3rd period - Shot Misses the Net.
16:06 of 3rd period - Shot by Steven Stamkos.
16:06 of 3rd period - Goal by Steven Stamkos - OTTAWA Senators : 4 - NEW YORK Rangers : 3.
16:07 of 3rd period - Nolan Patrick wins face-off versus Filip Chytil in neutral zone.
16:18 of 3rd period - Shot by Zach Hyman.
16:18 of 3rd period - Stopped by Connor Hellebuyck without a rebound.
16:19 of 3rd period - Josh Norris wins face-off versus Ryan Strome in OTTAWA Senators zone.
16:23 of 3rd period - Cale Makar is hit by Jakob Chychrun and loses puck.
16:26 of 3rd period - Shot by Adrian Kempe.
16:26 of 3rd period - Stopped by Semyon Varlamov without a rebound.
16:27 of 3rd period - Nolan Patrick wins face-off versus Alex Tuch in NEW YORK Rangers zone.
16:27 of 3rd period - Nolan Patrick is hit by Charlie McAvoy.
16:59 of 3rd period - Alex Tuch is hit by Nolan Patrick and loses puck.
17:19 of 3rd period - Icing by Torey Krug.
17:20 of 3rd period - Josh Norris wins face-off versus Nolan Patrick in NEW YORK Rangers zone.
17:23 of 3rd period - Shot by Martin Necas.
17:23 of 3rd period - Shot Misses the Net.
18:34 of 3rd period - Robert Thomas is hit by Logan Stanley and loses puck.
19:13 of 3rd period - Shot by Charlie McAvoy.
19:13 of 3rd period - Stopped by Semyon Varlamov without a rebound.
19:14 of 3rd period - John Tavares wins face-off versus Travis Konecny in NEW YORK Rangers zone.
19:21 of 3rd period - Shot by Cale Makar.
19:21 of 3rd period - Goal by Cale Makar - OTTAWA Senators : 5 - NEW YORK Rangers : 3.
19:22 of 3rd period - John Tavares wins face-off versus Nolan Patrick in neutral zone.
19:47 of 3rd period - Shot by Zach Hyman.
19:47 of 3rd period - Shot Blocked by Cale Makar.
19:52 of 3rd period - Minor Penalty to Cale Makar for Holding.
19:53 of 3rd period - John Tavares wins face-off versus Travis Konecny in OTTAWA Senators zone.
Goals for this period are 2 for OTTAWA Senators vs 1 for NEW YORK Rangers.
Shots for this period are 10 for OTTAWA Senators vs 12 for NEW YORK Rangers.